TOP OF THE 1ST |
Philadelphia Phillies batting - Pitching for Colorado Rockies : RHP Gabe Stokes
|
Pitching: RHP Gabe Stokes
|
|
Batting: LHB Nick Canizales
|
0-0: Foul Ball, location: 2F 0-1: Called Strike 0-2: Strikes out swinging, 2-3 out at first.
|
Batting: LHB Mike Davis
|
0-0: Called Strike 0-1: Ball 1-1: Ball 2-1: SINGLE (Groundball, 56D, EV 103.1 MPH) (infield hit)
|
Batting: SHB Lance Franklin
|
0-0: Ball 1-0: Called Strike 1-1: Foul Ball, location: 2F 1-2: Strikes out swinging
|
Batting: LHB Brad Turner
|
0-0: Ball 1-0: Foul Ball, location: 2F 1-1: SINGLE (Groundball, 4MD, EV 103.1 MPH) Mike Davis to second Runner from 2nd tries for 3rd, SAFE, throw by CF made to third
|
Batting: LHB Ryan Trombley
|
0-0: Called Strike 0-1: Called Strike 0-2: 3-RUN HOME RUN (Flyball, 9D, EV 95.0 MPH), Distance : 379 ft
|
Batting: RHB Quintin Parker
|
0-0: Foul Ball, location: 2F 0-1: Ground out 3-1 (Groundball, 34, EV 83.8 MPH)
|
Top of the 1st over - 3 runs, 3 hits, 0 errors, 0 left on base; Philadelphia 3 - Colorado 0 |
BOTTOM OF THE 1ST |
Colorado Rockies batting - Pitching for Philadelphia Phillies : RHP Matt Evans
|
Pitching: RHP Matt Evans
|
|
Batting: RHB Cesar Breceda
|
0-0: Called Strike 0-1: Ball 1-1: Ball 2-1: SINGLE (Groundball, 4MD, EV 105.0 MPH)
|
Batting: SHB Jerry Luckwell
|
0-0: Ball 1-0: Ball 2-0: Swinging Strike 2-1: Swinging Strike 2-2: Strikes out swinging
|
Batting: LHB Shawn Morrison
|
0-0: Grounds into double play, 6-4-3 (Groundball, 6, EV 88.1 MPH)
|
Bottom of the 1st over - 0 runs, 1 hit, 0 errors, 0 left on base; Philadelphia 3 - Colorado 0 |
TOP OF THE 2ND |
Philadelphia Phillies batting - Pitching for Colorado Rockies : RHP Gabe Stokes
|
Batting: LHB Cody Schumacher
|
0-0: SINGLE (Groundball, 6MS, EV 68.8 MPH) (infield hit)
|
Batting: SHB Phuck II
|
0-0: Ball Cody Schumacher steals 2nd, throwing error, E2 Cody Schumacher to third 1-0: 2-RUN HOME RUN (Flyball, 9D, EV 97.5 MPH), Distance : 374 ft
|
Batting: LHB Jim Beaver
|
0-0: Called Strike 0-1: Ball 1-1: Ball 2-1: Ball 3-1: Foul Ball, location: 2F 3-2: Base on Balls
|
Batting: LHB Nick Canizales
|
0-0: Ball 1-0: DOUBLE (Line Drive, 5D, EV 98.8 MPH) Jim Beaver to third
|
Batting: LHB Mike Davis
|
0-0: Foul Ball, location: 2F 0-1: Ball 1-1: Ball 2-1: Swinging Strike 2-2: Foul Ball, location: 2F 2-2: Ball 3-2: Strikes out swinging
|
Batting: SHB Lance Franklin
|
0-0: Ball 1-0: Called Strike 1-1: Ball 2-1: Ball 3-1: Reached on error, E4 (Groundball, 4MS, EV 70.0 MPH) Jim Beaver scores Nick Canizales scores
|
Pitching: RHP Iehohs Inatho
|
|
Batting: LHB Brad Turner
|
0-0: Ball 1-0: DOUBLE (Groundball, 3L, EV 101.2 MPH) Lance Franklin scores
|
Batting: LHB Ryan Trombley
|
0-0: Called Strike 0-1: Foul Ball, location: 2F 0-2: Ball 1-2: Ball 2-2: Foul Ball, location: 2F 2-2: Foul Ball, location: 2F 2-2: Foul Ball, location: 2F 2-2: Ball 3-2: Foul Ball, location: 2F 3-2: SINGLE (Line Drive, 4MD, EV 95.0 MPH) Brad Turner to third
|
Batting: RHB Quintin Parker
|
0-0: Ball 1-0: Called Strike 1-1: Swinging Strike 1-2: Ball 2-2: Ball 3-2: Base on Balls Ryan Trombley to second
|
Batting: LHB Cody Schumacher
|
0-0: Foul Ball, location: 2F 0-1: Ball 1-1: Swinging Strike 1-2: Ball 2-2: Strikes out swinging
|
Batting: SHB Phuck II
|
0-0: Foul Ball, location: 2F 0-1: Ball 1-1: Ground out 1-3 (Groundball, P, EV 71.9 MPH)
|
Top of the 2nd over - 5 runs, 5 hits, 2 errors, 3 left on base; Philadelphia 8 - Colorado 0 |
BOTTOM OF THE 2ND |
Colorado Rockies batting - Pitching for Philadelphia Phillies : RHP Matt Evans
|
Batting: LHB Freddy Troncoso
|
0-0: Ground out 4-3 (Groundball, 4, EV 105.0 MPH)
|
Batting: RHB Henry Alvizo
|
0-0: SINGLE (Flyball, 7LS, EV 88.8 MPH)
|
Batting: LHB Bi-jun Chien
|
0-0: SINGLE (Groundball, 5L, EV 94.4 MPH) Henry Alvizo to second
|
Batting: LHB Greg Valenzuela
|
0-0: Fielders Choice at 2nd, 4-6 (Groundball, 4M, EV 106.2 MPH) Henry Alvizo to third
|
Batting: SHB Andy Vivas
|
0-0: Ball 1-0: SINGLE (Line Drive, 56D, EV 97.5 MPH) Henry Alvizo scores Greg Valenzuela to second
|
Batting: RHB Eduardo Camacho
|
0-0: Called Strike 0-1: Foul Ball, location: 2F 0-2: Foul Ball, location: 2F 0-2: Strikes out swinging, 2-3 out at first.
|
Bottom of the 2nd over - 1 run, 3 hits, 0 errors, 2 left on base; Philadelphia 8 - Colorado 1 |
TOP OF THE 3RD |
Philadelphia Phillies batting - Pitching for Colorado Rockies : RHP Iehohs Inatho
|
Batting: LHB Jim Beaver
|
0-0: Called Strike 0-1: Ball 1-1: Called Strike 1-2: Strikes out swinging
|
Batting: LHB Nick Canizales
|
0-0: Called Strike 0-1: Called Strike 0-2: SINGLE (Groundball, 34D, EV 97.5 MPH)
|
Batting: LHB Mike Davis
|
0-0: Called Strike 0-1: Foul Ball, location: 2F 0-2: Ball 1-2: Foul Ball, location: 2F 1-2: Ball Wild Pitch! Nick Canizales to second 2-2: Strikes out swinging
|
Batting: SHB Lance Franklin
|
0-0: Ball 1-0: Called Strike 1-1: Swinging Strike 1-2: Ball 2-2: Ball 3-2: Fly out, F8 (Flyball, 8RD, EV 100.0 MPH)
|
Top of the 3rd over - 0 runs, 1 hit, 0 errors, 1 left on base; Philadelphia 8 - Colorado 1 |
BOTTOM OF THE 3RD |
Colorado Rockies batting - Pitching for Philadelphia Phillies : RHP Matt Evans
|
Batting: RHB Cesar Breceda
|
0-0: Ball 1-0: Ball 2-0: Ball 3-0: Base on Balls
|
Batting: SHB Jerry Luckwell
|
0-0: Ball 1-0: Ball Cesar Breceda steals 2nd base 2-0: Ball 3-0: Called Strike 3-1: Called Strike 3-2: Base on Balls
|
Batting: LHB Shawn Morrison
|
0-0: Ball 1-0: Ball 2-0: Ball 3-0: Foul Ball, location: 2F 3-1: Foul Ball, location: 2F 3-2: Base on Balls Cesar Breceda to third Jerry Luckwell to second
|
Batting: LHB Freddy Troncoso
|
0-0: SINGLE (Groundball, 4MD, EV 101.9 MPH) Cesar Breceda scores Jerry Luckwell to third Shawn Morrison to second Runner from 3rd tries for Home, SAFE, throw by CF to home
|
Batting: RHB Henry Alvizo
|
0-0: Ball 1-0: Ball 2-0: Fly out, F2 (Popup, 23F, EV 80.6 MPH)
|
Batting: LHB Bi-jun Chien
|
0-0: Ball 1-0: Called Strike 1-1: Swinging Strike 1-2: Ball 2-2: Reached on error, E4 (Groundball, 34, EV 93.8 MPH) Shawn Morrison to third Freddy Troncoso to second
|
Batting: LHB Greg Valenzuela
|
0-0: Foul Ball, location: 2F 0-1: Foul Ball, location: 2F 0-2: Ball 1-2: Fly out, F9 (Flyball, 9D, EV 91.2 MPH) Runner from 3rd tags up, SCORES, throw by RF Freddy Troncoso to third
|
Batting: SHB Andy Vivas
|
0-0: Ball 1-0: Ball 2-0: Fly out, F9 (Flyball, 9, EV 97.5 MPH)
|
Bottom of the 3rd over - 3 runs, 1 hit, 1 error, 2 left on base; Philadelphia 8 - Colorado 4 |
TOP OF THE 4TH |
Philadelphia Phillies batting - Pitching for Colorado Rockies : RHP Iehohs Inatho
|
Batting: LHB Brad Turner
|
0-0: Called Strike 0-1: SINGLE (Groundball, 34D, EV 102.5 MPH)
|
Pitching: LHP Parker Martinet
|
|
Batting: LHB Ryan Trombley
|
0-0: Ball 1-0: Foul Ball, location: 2F 1-1: Fly out, F8 (Flyball, 8RXD, EV 86.9 MPH)
|
Batting: RHB Quintin Parker
|
0-0: Reached via error on a dropped throw from 1B, E1 (Groundball, 34S, EV 67.5 MPH) Brad Turner to second
|
Batting: LHB Cody Schumacher
|
0-0: Ball 1-0: Ground out 4-3 (Groundball, 4S, EV 68.1 MPH) Brad Turner to third Quintin Parker to second
|
Batting: SHB Phuck II
|
0-0: Swinging Strike 0-1: Ball 1-1: Ball 2-1: Ball 3-1: Ground out U3 (Groundball, 34, EV 98.8 MPH)
|
Top of the 4th over - 0 runs, 1 hit, 1 error, 2 left on base; Philadelphia 8 - Colorado 4 |
BOTTOM OF THE 4TH |
Colorado Rockies batting - Pitching for Philadelphia Phillies : RHP Matt Evans
|
Batting: RHB Eduardo Camacho
|
0-0: Called Strike 0-1: Fly out, F8 (Flyball, 78M, EV 90.6 MPH)
|
Batting: RHB Cesar Breceda
|
0-0: Ball 1-0: Ball 2-0: Foul Ball, location: 2F 2-1: SINGLE (Groundball, 6MD, EV 96.2 MPH)
|
Batting: SHB Jerry Luckwell
|
0-0: Ball 1-0: Ball 2-0: Called Strike 2-1: Foul Ball, location: 2F 2-2: Ball 3-2: Base on Balls Cesar Breceda to second
|
Batting: LHB Shawn Morrison
|
0-0: Ball 1-0: Ball 2-0: Called Strike 2-1: Called Strike 2-2: Ball 3-2: Base on Balls Cesar Breceda to third Jerry Luckwell to second
|
Batting: LHB Freddy Troncoso
|
0-0: Swinging Strike 0-1: Ball 1-1: Swinging Strike 1-2: Ball 2-2: Ball 3-2: Strikes out swinging
|
Batting: RHB Henry Alvizo
|
0-0: Ball 1-0: Ball 2-0: Called Strike 2-1: Ball 3-1: Foul Ball, location: 2F 3-2: Base on Balls Cesar Breceda scores Jerry Luckwell to third Shawn Morrison to second
|
Pitching: RHP David LaBounty
|
|
Batting: LHB Bi-jun Chien
|
0-0: Fly out, F7 (Flyball, 78S, EV 77.5 MPH)
|
Bottom of the 4th over - 1 run, 1 hit, 0 errors, 3 left on base; Philadelphia 8 - Colorado 5 |
TOP OF THE 5TH |
Philadelphia Phillies batting - Pitching for Colorado Rockies : LHP Parker Martinet
|
Batting: LHB Jim Beaver
|
0-0: Called Strike 0-1: Ball 1-1: Ball 2-1: Ball 3-1: Base on Balls
|
Batting: LHB Nick Canizales
|
0-0: Called Strike 0-1: Foul Ball, location: 2F 0-2: Ball 1-2: Fielders Choice at 2nd, 4-6 (Groundball, 4, EV 79.4 MPH)
|
Batting: LHB Mike Davis
|
0-0: Ball 1-0: Ball 2-0: Ground out 6-3 (Groundball, 6D, EV 101.9 MPH) Nick Canizales to second
|
Batting: SHB Lance Franklin
|
0-0: Called Strike 0-1: 2-RUN HOME RUN (Flyball, 7LD, EV 93.8 MPH), Distance : 355 ft
|
Batting: LHB Brad Turner
|
0-0: Ball 1-0: Fly out, F1 (Line Drive, P, EV 66.9 MPH)
|
Top of the 5th over - 2 runs, 1 hit, 0 errors, 0 left on base; Philadelphia 10 - Colorado 5 |
BOTTOM OF THE 5TH |
Colorado Rockies batting - Pitching for Philadelphia Phillies : RHP David LaBounty
|
Batting: LHB Greg Valenzuela
|
0-0: Foul Ball, location: 2F 0-1: Ball 1-1: Foul Ball, location: 2F 1-2: Strikes out swinging
|
Batting: SHB Andy Vivas
|
0-0: Called Strike 0-1: Called Strike 0-2: SINGLE (Line Drive, 6D, EV 95.6 MPH)
|
Batting: RHB Eduardo Camacho
|
0-0: Called Strike 0-1: Swinging Strike 0-2: Strikes out swinging
|
Batting: RHB Cesar Breceda
|
0-0: Called Strike 0-1: Foul Ball, location: 2F 0-2: Strikes out swinging
|
Bottom of the 5th over - 0 runs, 1 hit, 0 errors, 1 left on base; Philadelphia 10 - Colorado 5 |
TOP OF THE 6TH |
Philadelphia Phillies batting - Pitching for Colorado Rockies : LHP Parker Martinet
|
Batting: LHB Ryan Trombley
|
0-0: Ball 1-0: Ball 2-0: Fly out, F8 (Flyball, 8LM, EV 77.5 MPH)
|
Batting: RHB Quintin Parker
|
0-0: Called Strike 0-1: Ball 1-1: Ball 2-1: Ball 3-1: SINGLE (Line Drive, 7LS, EV 99.4 MPH)
|
Pitching: RHP Mitch Guerrero
|
|
Batting: LHB Cody Schumacher
|
0-0: Called Strike 0-1: Ball 1-1: Ball 2-1: Foul Ball, location: 2F 2-2: Strikes out looking
|
Batting: SHB Phuck II
|
0-0: Swinging Strike 0-1: Hit by Pitch Quintin Parker to second
|
Batting: LHB Jim Beaver
|
0-0: Swinging Strike 0-1: Ball 1-1: SINGLE (Groundball, 34D, EV 103.8 MPH) Quintin Parker to third Phuck II to second Throwing error, E9 Quintin Parker scores Phuck II to third Jim Beaver to second
|
Batting: LHB Nick Canizales
|
0-0: Ball 1-0: Foul Ball, location: 2F 1-1: Ball 2-1: Foul Ball, location: 2F 2-2: Ground out 3-1 (Groundball, 34S, EV 86.2 MPH)
|
Top of the 6th over - 1 run, 2 hits, 1 error, 2 left on base; Philadelphia 11 - Colorado 5 |
BOTTOM OF THE 6TH |
Colorado Rockies batting - Pitching for Philadelphia Phillies : RHP David LaBounty
|
Batting: SHB Jerry Luckwell
|
0-0: Ball 1-0: Ball 2-0: Ball 3-0: Base on Balls
|
Batting: LHB Shawn Morrison
|
0-0: Fly out, F8 (Flyball, 8LXD, EV 88.8 MPH)
|
Batting: LHB Freddy Troncoso
|
0-0: SINGLE (Line Drive, 6MD, EV 95.6 MPH) Jerry Luckwell to second
|
Batting: RHB Henry Alvizo
|
0-0: Called Strike 0-1: Ball 1-1: Swinging Strike 1-2: Foul Ball, location: 2F 1-2: Foul Ball, location: 2F 1-2: Ball 2-2: Strikes out swinging
|
Batting: LHB Bi-jun Chien
|
0-0: Foul Ball, location: 2F 0-1: Ball 1-1: Fly out, F8 (Flyball, 8RXD, EV 101.9 MPH)
|
Bottom of the 6th over - 0 runs, 1 hit, 0 errors, 2 left on base; Philadelphia 11 - Colorado 5 |
TOP OF THE 7TH |
Philadelphia Phillies batting - Pitching for Colorado Rockies : RHP Mitch Guerrero
|
Batting: LHB Mike Davis
|
0-0: Called Strike 0-1: Foul Ball, location: 2F 0-2: Foul Ball, location: 2F 0-2: Ball 1-2: Ball 2-2: Ball 3-2: SINGLE (Line Drive, 56D, EV 95.0 MPH)
|
Batting: SHB Lance Franklin
|
0-0: Ball 1-0: 2-RUN HOME RUN (Flyball, 78XD, EV 107.5 MPH), Distance : 408 ft
|
Batting: LHB Brad Turner
|
0-0: SINGLE (Line Drive, 4D, EV 98.1 MPH)
|
Batting: LHB Ryan Trombley
|
0-0: Ball 1-0: Swinging Strike 1-1: Ball 2-1: Foul Ball, location: 2F 2-2: SINGLE (Groundball, 6M, EV 95.6 MPH) Brad Turner to second Runner from 2nd tries for 3rd, SAFE, throw by CF made to third
|
Batting: RHB Quintin Parker
|
0-0: Called Strike 0-1: SINGLE (Line Drive, 7LS, EV 98.8 MPH) Brad Turner scores Ryan Trombley to second
|
Pitching: LHP Bill Ogren
|
|
Batting: LHB Cody Schumacher
|
0-0: Foul Ball, location: 2F 0-1: Ball 1-1: Foul Ball, location: 2F 1-2: Foul Ball, location: 2F 1-2: Foul Ball, location: 2F 1-2: Foul Ball, location: 2F 1-2: SINGLE (Line Drive, 56D, EV 98.8 MPH) Ryan Trombley to third Quintin Parker to second
|
Batting: SHB Phuck II
|
0-0: Called Strike 0-1: Ball 1-1: Ball 2-1: Ball 3-1: Base on Balls Ryan Trombley scores Quintin Parker to third Cody Schumacher to second
|
Batting: LHB Jim Beaver
|
0-0: Called Strike 0-1: SINGLE (Groundball, 34D, EV 98.1 MPH) Quintin Parker scores Cody Schumacher to third Phuck II to second
|
Pinch Hitting: RHB Carlos Morejon
|
0-0: Ball 1-0: Ball 2-0: Ball 3-0: Called Strike 3-1: Called Strike 3-2: Base on Balls Cody Schumacher scores Phuck II to third Jim Beaver to second
|
Batting: LHB Mike Davis
|
0-0: SINGLE (Line Drive, 6D, EV 94.4 MPH) Phuck II scores Jim Beaver to third Carlos Morejon to second
|
Batting: SHB Lance Franklin
|
0-0: Ball 1-0: Ball 2-0: Ball 3-0: Called Strike 3-1: Foul Ball, location: 2F 3-2: Strikes out looking
|
Batting: LHB Brad Turner
|
0-0: Swinging Strike 0-1: Ball 1-1: SINGLE (Groundball, 4, EV 98.8 MPH) Jim Beaver scores Carlos Morejon to third Mike Davis to second
|
Batting: LHB Ryan Trombley
|
0-0: Ball 1-0: Ball 2-0: Ball 3-0: Called Strike 3-1: Fielders Choice at 2nd, 3-6 (Groundball, 3S, EV 83.1 MPH) Carlos Morejon scores Mike Davis to third
|
Pitching: RHP Tye Dickinson
|
|
Batting: RHB Quintin Parker
|
0-0: Called Strike 0-1: Swinging Strike 0-2: Foul Ball, location: 2F 0-2: Strikes out swinging
|
Top of the 7th over - 9 runs, 9 hits, 0 errors, 2 left on base; Philadelphia 20 - Colorado 5 |
BOTTOM OF THE 7TH |
Colorado Rockies batting - Pitching for Philadelphia Phillies : RHP David LaBounty
|
Now at 2B: Jim Beaver
|
|
Now at 3B: Carlos Morejon
|
|
Batting: LHB Greg Valenzuela
|
0-0: Swinging Strike 0-1: Ground out U3 (Groundball, 34, EV 102.5 MPH)
|
Batting: SHB Andy Vivas
|
0-0: Called Strike 0-1: Ground out U3 (Groundball, 34, EV 106.2 MPH)
|
Batting: RHB Eduardo Camacho
|
0-0: Foul Ball, location: 2F 0-1: Foul Ball, location: 2F 0-2: Ball 1-2: Strikes out swinging
|
Bottom of the 7th over - 0 runs, 0 hits, 0 errors, 0 left on base; Philadelphia 20 - Colorado 5 |
TOP OF THE 8TH |
Philadelphia Phillies batting - Pitching for Colorado Rockies : RHP Tye Dickinson
|
Batting: LHB Cody Schumacher
|
0-0: Ball 1-0: Called Strike 1-1: Ball 2-1: Foul Ball, location: 2F 2-2: Ball 3-2: Base on Balls
|
Batting: SHB Phuck II
|
0-0: Called Strike 0-1: Ball 1-1: Foul Ball, location: 2F 1-2: Foul Ball, location: 2F 1-2: Ball 2-2: Foul Ball, location: 2F 2-2: Ball 3-2: Fly out, F8 (Line Drive, 78M, EV 86.2 MPH)
|
Batting: LHB Jim Beaver
|
0-0: Swinging Strike 0-1: Called Strike 0-2: Ball 1-2: Strikes out swinging
|
Batting: RHB Carlos Morejon
|
0-0: Called Strike 0-1: Ball 1-1: Foul Ball, location: 2F 1-2: Strikes out looking
|
Top of the 8th over - 0 runs, 0 hits, 0 errors, 1 left on base; Philadelphia 20 - Colorado 5 |
BOTTOM OF THE 8TH |
Colorado Rockies batting - Pitching for Philadelphia Phillies : RHP David LaBounty
|
Batting: RHB Cesar Breceda
|
0-0: SINGLE (Groundball, 34D, EV 110.6 MPH)
|
Batting: SHB Jerry Luckwell
|
0-0: Ball 1-0: Called Strike 1-1: Ball 2-1: Ball 3-1: Base on Balls Cesar Breceda to second
|
Pitching: RHP Lucas McPhillie
|
|
Batting: LHB Shawn Morrison
|
0-0: Foul Ball, location: 2F 0-1: Swinging Strike 0-2: Ball 1-2: Ball 2-2: Strikes out swinging
|
Pinch Hitting: LHB Michael Krott
|
0-0: Called Strike 0-1: Ball 1-1: DOUBLE (Flyball, 78D, EV 102.5 MPH) Cesar Breceda scores Jerry Luckwell to third
|
Batting: RHB Henry Alvizo
|
0-0: Ball 1-0: Ball 2-0: Fly out, F9 (Line Drive, 9S, EV 102.5 MPH)
|
Batting: LHB Bi-jun Chien
|
0-0: Ball 1-0: DOUBLE (Flyball, 8RXD, EV 96.9 MPH) Jerry Luckwell scores Michael Krott scores
|
Batting: LHB Greg Valenzuela
|
0-0: SINGLE (Line Drive, 78M, EV 102.5 MPH) Bi-jun Chien to third Runner from 3rd tries for Home, SAFE, throw by LF to home
|
Batting: SHB Andy Vivas
|
0-0: Called Strike 0-1: Ball 1-1: Ball 2-1: Ball 3-1: Swinging Strike 3-2: Foul Ball, location: 2F 3-2: Fly out, F7 (Flyball, 7D, EV 96.9 MPH)
|
Bottom of the 8th over - 4 runs, 4 hits, 0 errors, 1 left on base; Philadelphia 20 - Colorado 9 |
TOP OF THE 9TH |
Philadelphia Phillies batting - Pitching for Colorado Rockies : RHP Tye Dickinson
|
Pitching: RHP Tony Campos
|
|
Now in LF: Michael Krott
|
|
Batting: LHB Mike Davis
|
0-0: Called Strike 0-1: Foul Ball, location: 2F 0-2: Strikes out swinging
|
Batting: SHB Lance Franklin
|
0-0: Ball 1-0: Ball 2-0: Called Strike 2-1: Fly out, F8 (Flyball, 8RS, EV 91.9 MPH)
|
Batting: LHB Brad Turner
|
0-0: Called Strike 0-1: Ball 1-1: Foul Ball, location: 2F 1-2: Ball 2-2: Foul Ball, location: 2F 2-2: Foul Ball, location: 2F 2-2: Ball 3-2: Foul Ball, location: 2F 3-2: SINGLE (Groundball, 6, EV 96.2 MPH)
|
Batting: LHB Ryan Trombley
|
0-0: Ball 1-0: Ball 2-0: Foul Ball, location: 2F 2-1: Foul Ball, location: 2F 2-2: Foul Ball, location: 2F 2-2: Strikes out swinging
|
Top of the 9th over - 0 runs, 1 hit, 0 errors, 1 left on base; Philadelphia 20 - Colorado 9 |
BOTTOM OF THE 9TH |
Colorado Rockies batting - Pitching for Philadelphia Phillies : RHP Lucas McPhillie
|
Batting: RHB Eduardo Camacho
|
0-0: Ball 1-0: Foul Ball, location: 2F 1-1: SINGLE (Line Drive, 4MD, EV 98.1 MPH)
|
Batting: RHB Cesar Breceda
|
0-0: Called Strike 0-1: Ball 1-1: Fly out, F8 (Flyball, 8LS, EV 83.1 MPH)
|
Batting: SHB Jerry Luckwell
|
0-0: Ball 1-0: Ball 2-0: Called Strike 2-1: Foul Ball, location: 2F 2-2: Ball 3-2: Base on Balls Eduardo Camacho to second
|
Batting: LHB Shawn Morrison
|
0-0: Swinging Strike 0-1: Ball 1-1: Swinging Strike 1-2: Strikes out swinging
|
Batting: LHB Michael Krott
|
0-0: Ball 1-0: Called Strike 1-1: Fly out, F5 (Popup, 6S, EV 66.9 MPH)
|
Bottom of the 9th over - 0 runs, 1 hit, 0 errors, 2 left on base; Philadelphia 20 - Colorado 9 |
|